 Dungeon Crawl Stone Soup version 0.20.0-15-g7f486f2 (webtiles) character file.

55 vishdafish the Sneak (level 3, 0/42 HPs)
             Began as a Naga Enchanter on June 29, 2017.
             Succumbed to a scorpion's poison
             ... on level 3 of the Dungeon.
             The game lasted 00:06:22 (2627 turns).

vishdafish the Sneak (Naga Enchanter)               Turns: 2627, Time: 00:06:23

Health: 0/42       AC:  2    Str: 15    XL:     3   Next: 93%
Magic:  0/6        EV: 10    Int: 15    God:
Gold:   201        SH:  0    Dex: 12    Spells: 3/6 levels left

rFire    + . .     SeeInvis +   m - +3 dagger
rCold    + . .     Gourm    .   (no shield)
rNeg     . . .     Faith    .   b - +0 robe
rPois    +         Spirit   .   (no helmet)
rElec    +         Reflect  .   (no cloak)
rCorr    +         Harm     .   (no gloves)
MR       .....                  (no barding)
Stlth    ..........             (no amulet)
Regen    0.2/turn               (no ring)
MPRegen  0.1/turn               (no ring)

@: berserking, lethally poisoned (0 -> -7), resistant, quick
A: see invisible, deformed body, poison resistance, slowness 2, slow metabolism
1, spit poison 1, AC +1
a: Spit Poison


You were on level 3 of the Dungeon.
You were not hungry.

You visited 1 branch of the dungeon, and saw 3 of its levels.

You collected 201 gold pieces.

Inventory:

Hand Weapons
 a - a +1 dagger
 m - a +3 dagger (weapon)
Armour
 b - a +0 robe (worn)
 i - a +0 buckler
Jewellery
 h - an uncursed ring of protection from fire {unknown}
Scrolls
 e - a scroll of enchant armour {unknown}
 g - a scroll of enchant weapon {unknown}
 n - a scroll of identify {unknown}
 o - 2 scrolls of remove curse {unknown}
 u - 2 scrolls of magic mapping {unknown}
 x - 3 scrolls of teleportation {unknown}
Potions
 j - a potion of magic {unknown}
 k - a potion of resistance
 p - a potion of flight {unknown}
 r - a potion of lignification {unknown}
 t - a potion of curing {unknown}
 v - a potion of haste {unknown}
 w - a potion of berserk rage
Books
 c - a book of Maledictions

   Spells                             Type                      Level
   a - Corona                         Hexes                        1
   b - Ensorcelled Hibernation        Hexes/Ice                    2
   c - Confuse                        Hexes                        3
   d - Tukima's Dance                 Hexes                        3
   e - Dazzling Spray                 Conjuration/Hexes            3
Comestibles
 d - 2 bread rations
 f - 2 royal jellies
 l - 12 fruits
 s - a meat ration


   Skills:
 + Level 1.3 Short Blades
 + Level 1.9 Dodging
 * Level 5.3 Stealth
 + Level 1.2 Shields
 * Level 2.3 Spellcasting
 + Level 3.1 Hexes


You had 3 spell levels left.
You knew the following spells:

 Your Spells              Type           Power        Failure   Level  Hunger
a - Corona                Hex            ##.....      6%          1    #......
b - Ensorcelled Hibernat  Hex/Ice        #.....       17%         2    ###....


Dungeon Overview and Level Annotations

Branches:
Dungeon (3/15)

Altars:
Yredelemnul


Innate Abilities, Weirdness & Mutations

You cannot wear boots.
Your serpentine skin is tough. (AC +1)
You have supernaturally acute eyesight. (SInv)
Armour fits poorly on your strangely shaped body.
Your system is resistant to poisons. (rPois)
You cover ground very slowly.
You have a slow metabolism.
You can spit poison.


Message History

* * * LOW HITPOINT WARNING * * *
Casting: Ensorcelled Hibernation
Confirm with . or Enter, or press ? or * to list all spells.
You don't have enough magic to cast that spell.
As you read the scroll labeled DOARUE XYOHIE, it crumbles to dust.
You assume a fearsome visage.
The scorpion looks frightened!
It was a scroll of fear.
* * * LOW HITPOINT WARNING * * *
You feel sick.
* * * LOW HITPOINT WARNING * * *
You feel sick.
It was a potion of resistance.
You feel protected.
You have got your breath back.
* * * LOW HITPOINT WARNING * * *
You feel sick.
Cornered, the scorpion turns to fight!
It was a potion of berserk rage.
A red film seems to cover your vision as you go berserk!
You feel yourself moving faster!
You feel mighty!
You die...

#.....##.# #.#####......##.###
#.....##.# #.....#......#.....
#.....##.#########.#.####.######
#...............#..#.####.######
#....###.#.........#....#.#.....
#....# #.#.####.#########.##.###
#....# #.#..............#.##.#
###'### #.##############.#.##.#
....# #.......@.# #.#.##.# #####
#########.# #.#.##.# ### #.#
#.#..).# ..# #.# #.######## #.#
.s# #.#....... #.#
############.#.###### #.#.#
#...[........#.....>. #.#.#
#.#.....############# ..#.#.#
#.......'...........<


You could see a scorpion.

Vanquished Creatures
  An adder (D:3)
  2 worms
  2 dart slugs
  A leopard gecko (D:1)
  A ball python (D:1)
  2 giant cockroaches
  5 goblins
  3 hobgoblins
  6 bats
  3 frilled lizards
  7 kobolds
  2 rats
35 creatures vanquished.

Notes
Turn   | Place    | Note
-------+----------+-------------------------------------------
     0 | D:1      | vishdafish the Naga Enchanter began the quest for the Orb.
     0 | D:1      | Reached XP level 1. HP: 15/15 MP: 3/3
   388 | D:1      | Reached XP level 2. HP: 22/22 MP: 5/5
  1095 | D:1      | Reached skill level 5 in Stealth
  1540 | D:2      | Reached XP level 3. HP: 12/28 MP: 6/6
  1956 | D:2      | Reached skill level 1 in Shields
  2030 | D:2      | Learned a level 2 spell: Ensorcelled Hibernation
  2211 | D:3      | Found a basalt altar of Yredelemnul.
  2618 | D:3      | Noticed a scorpion
  2626 | D:3      | HP: 1/28 [poisoned by a scorpion]
  2627 | D:3      | Succumbed to a scorpion's poison

Skill      XL: |  1  2  3 |
---------------+----------+-----
Stealth        | 5 |  5.3
Shields        | 1 |  1.2
Short Blades   | |  1.3
Dodging        | |  1.9
Spellcasting   | |  2.3
Hexes          | |  3.1

Action                   || total
-------------------------++-------
Melee: Dagger            ||   110
 Cast: Ensorcelled Hiber ||     3
 Abil: Spit Poison       ||     1
  Use: Potion            ||     2
       Scroll            ||     1
 Stab: Sleeping          ||    12
  Eat: Meat ration       ||     1
Armor: Robe              ||    22
Dodge: Dodged            ||    64
